 Dungeon Crawl Stone Soup version 0.27.1-4-g1640c2035a (webtiles) character file.

Game seed: 16169138347420194620

15133 pkoi the Grappler (level 11, -4/113 HPs)
             Began as a Troll Monk on Nov 5, 2021.
             Was a Priest of Ashenzari.
             Succumbed to a redback's poison
             ... on level 2 of the Lair of Beasts.
             The game lasted 00:21:53 (12492 turns).

pkoi the Grappler (Troll Monk)                     Turns: 12492, Time: 00:21:53

Health: -4/113     AC:  7    Str: 24    XL:     11   Next: 97%
Magic:  10/10      EV: 13    Int:  6    God:    Ashenzari [***...]
Gold:   724        SH:  0    Dex: 12    Spells: 10/10 levels left

rFire    . . .     SeeInvis +     - Unarmed
rCold    . . .     Faith    .   (no shield)
rNeg     + . .     Spirit   .   a - +1 robe "Circumscribed Together" {Elem, Melee} (curse)
rPois    .         Reflect  .   F - +1 hat {Stlth+}
rElec    .         Harm     .   i - +0 cloak of Panopticon {Self, Bglg} (curse)
rCorr    .         Rampage  .   (gloves unavailable)
Will     +....     Clarity  +   (boots unavailable)
Stlth    +++.......             (no amulet)
HPRegen  1.28/turn              e - ring of Ouranomancy {rN+, Cun, Range} (curse)
MPRegen  0.12/turn              m - ring of Curses and Power {Will+, Fort, Cun} (curse)

@: lethally poisoned (-4 -> -29)
A: large, unfitting armour, claws 3, regeneration 1, shaggy fur 1, tough skin 1
a: Renounce Religion, Curse Item, Shatter the Chains


You were on level 2 of the Lair of Beasts.
You worshipped Ashenzari.
Ashenzari was most pleased with you.
You visited 3 branches of the dungeon, and saw 14 of its levels.
You also visited: Ossuary and Gauntlet.

You collected 724 gold pieces.

Inventory:

Missiles
 o - 40 poisoned darts (quivered)
 D - a throwing net
Armour
 a - the cursed +1 robe "Circumscribed Together" (worn) {Elem, Melee}

   It has a curse which improves the following skills: Elements: Fire Magic, Ice
   Magic, Air Magic and Earth Magic.
   Melee Combat: Short Blades, Long Blades, Axes, Maces & Flails, Polearms,
   Staves and Unarmed Combat.
 i - the cursed +0 cloak of Panopticon (worn) {Self, Bglg}
   (You took it off Crazy Yiuf on level 2 of the Dungeon)

   It has a curse which improves the following skills: Introspection: Fighting
   and Spellcasting.
   Beguiling: Conjurations, Hexes and Translocations.
 F - a +1 hat of stealth (worn)
Jewellery
 e - the cursed ring of Ouranomancy (left claw) {rN+, Cun, Range}
   (You found it on level 2 of the Dungeon)

   [ring of positive energy]

   rN:        It protects you from negative energy.
   It has a curse which improves the following skills: Cunning: Dodging and
   Stealth.
   Ranged Combat: Slings, Bows, Crossbows and Throwing.
 m - the cursed ring of Curses and Power (right claw) {Will+, Fort, Cun}
   (You found it on level 4 of the Dungeon)

   [ring of willpower]

   Will:      It increases your willpower.
   It has a curse which improves the following skills: Fortitude: Armour and
   Shields.
   Cunning:   Dodging and Stealth.
 n - a ring of resist corrosion
 u - a ring of resist corrosion
 B - an amulet of guardian spirit
Wands
 t - a wand of charming (3)
 y - a wand of digging (11)
 A - a wand of mindburst (30)
Scrolls
 b - a scroll of blinking
 c - 4 scrolls of enchant armour
 d - a scroll of amnesia
 l - 3 scrolls of teleportation
 q - a scroll of fear
 s - 8 scrolls of enchant weapon
 v - a scroll of magic mapping
 C - a scroll of fog
Potions
 f - 5 potions of brilliance
 g - 3 potions of haste
 h - 7 potions of flight
 j - 3 potions of might
 k - 6 potions of curing
 p - 5 potions of magic
 r - a potion of heal wounds
 w - a potion of cancellation
 x - 2 potions of ambrosia
 z - a potion of invisibility
 E - a potion of berserk rage


   Skills:
 + Level 6.5(8.5) Fighting
 + Level 2.7(4.3) Throwing
 + Level 4.0(5.8) Armour
 + Level 7.4(10.3) Dodging
 + Level 1.5(3.5) Stealth
 * Level 13.8(15.4) Unarmed Combat
 + Level 3.7 Evocations


You had 10 spell levels left.
You didn't know any spells.
Your spell library contained the following spells:

 Spells                   Type           Power      Damage    Failure   Level
 Shock                    Conj/Air       0%         1d3       41%         1
 Sting                    Tmut/Pois      0%         1d3       45%         1
 Corpse Rot               Necr/Air       N/A        N/A       56%         2
 Slow                     Hex            0%         N/A       56%         2
 Static Discharge         Conj/Air       0%         N/A       56%         2
 Confusing Touch          Hex            0%         N/A       80%         3
 Stone Arrow              Conj/Erth      0%         3d7       80%         3
 Swiftness                Air            0%         N/A       80%         3
 Vampiric Draining        Necr           0%         2d6       83%         3
 Airstrike                Air            0%         N/A       99%         4
 Dispel Undead            Necr           0%         3d6       99%         4
 Bolt of Magma            Conj/Fire/Erth 0%         4d4       100%        5
 Lightning Bolt           Conj/Air       0%         1d11      100%        5
 Death Channel            Necr           0%         N/A       100%        6
 Maxwell's Capacitive Co  Air            0%         ∞         100%        8
 Shatter                  Erth           0%         3d5*      100%        9


Dungeon Overview and Level Annotations

Branches:
Dungeon (11/15)            Temple (1/1) D:5            Lair (2/6) D:8
  Swamp (0/4) Lair:2       Spider (0/4) Lair:2      Ossuary (visited)
Gauntlet (visited)
    Orc: D:9-12

Altars:
Ashenzari
Cheibriados
Dithmenos
Elyvilon
Hepliaklqana
Kikubaaqudgha
Makhleb
Nemelex Xobeh
Okawaru
Qazlal
Ru
Sif Muna
Uskayaw
Vehumet
Wu Jian
Xom
Yredelemnul
Zin
The Shining One
Jiyva

Shops:
D:3 (   D:6 :=   D:8 *

Annotations:
D:5 2 transporters
D:8 3 runed translucent doors, jjjjhere's ghost, novice DEAE
Lair:2 3 runed translucent doors


Innate Abilities, Weirdness & Mutations

You are too large for most types of armour.
You have claws for hands.
Your natural rate of healing is unusually fast.
You are covered in fur. (AC +1)
You have tough skin. (AC +1)


Message History

You feel sick. The redback bites you!
You are more poisoned.
The redback poisons you! The redback bites you.
You miss the redback.
The redback is moderately wounded.
You feel extremely sick. The redback bites you!
* * * LOW HITPOINT WARNING * * *
You barely miss the redback. Your claw misses the redback.
The redback is moderately wounded.
You feel extremely sick. The redback bites you.
* * * LOW HITPOINT WARNING * * *
You are lethally poisoned!
The redback poisons you!
You closely miss the redback.
The redback is moderately wounded.
* * * LOW HITPOINT WARNING * * *
You feel extremely sick. The redback barely misses you.
Unknown command.
You barely miss the redback. Your claw misses the redback.
The redback is lightly wounded.
* * * LOW HITPOINT WARNING * * *
You feel extremely sick. The redback bites you!
* * * LOW HITPOINT WARNING * * *
Unknown command.
You mangle the redback!!
The redback is almost dead.
* * * LOW HITPOINT WARNING * * *
You feel extremely sick.
The redback bites you but does no damage.
Unknown command.
You scratch the redback.
You kill the redback!
* * * LOW HITPOINT WARNING * * *
You feel extremely sick.
Unknown command.
You die...

.......###.#.#.#.#..###....P....#
...............................##
................................#
................................#
...............................##
.......................†........#
#........#..##.P.....#..#......##
........###.#######.#####.####..#
........##*.##(.@.#.P#####.#.#.##
.#.......####(.>.##......>......#
........(##^^....# ......#.#†#.##
.P......+##^^.^^## ...#..........
.(......##.^^.^##, .##...#.#.#.#.
.......##.^.^^##,, ####[......#
..........^^### , ..##.#.#.##
.........^###, , , , .........#
###.#....## * ,* P.##....###


There were no monsters in sight!

Vanquished Creatures
  2 boulder beetles
  A two-headed ogre (D:10)
  A bog body (Lair:2)
  8 cane toads
  Maggie (D:6)
  5 komodo dragons
  A kobold demonologist (D:10)
  A troll (D:10)
  Grinder (D:3)
  Sigmund (D:2)
  2 redbacks (Lair:2)
  A wraith (D:10)
  3 wyverns
  14 yaks
  2 basilisks (Lair:1)
  Eustachio (D:5)
  A steam dragon (D:5)
  2 wargs (D:8)
  An acid dragon (D:10)
  4 water moccasins
  A black bear (D:6)
  2 sky beasts (D:6)
  2 ice beasts (D:5)
  3 orc warriors
  5 centaurs
  A phantom (D:10)
  5 bullfrogs
  2 kobold brigands
  3 scorpions
  A gnoll sergeant (D:10)
  5 water moccasin zombies
  6 killer bees
  A troll zombie (D:9)
  3 howler monkeys (D:9)
  2 hounds
  9 orc priests
  A jelly (D:6)
  Crazy Yiuf (D:2)
  Natasha (thrice) (D:2)
  Terence (D:3)
  4 iguanas
  10 orc wizards
  5 ogre zombies (D:9)
  2 mummies (Ossuary)
  A howler monkey zombie (D:4)
  A howler monkey skeleton (D:5)
  9 gnolls
  6 adders
  A shadow imp (D:5)
  A white imp (D:7)
  An ufetubus (D:6)
  2 adder zombies (Ossuary)
  7 dart slugs
  29 orcs
  6 endoplasms
  4 giant cockroaches
  2 gnoll zombies (Ossuary)
  8 goblins
  6 hobgoblins
  2 jackals (D:1)
  3 quokkas
  5 ball pythons
  2 bats (D:1)
  2 frilled lizards
  2 goblin skeletons (D:9)
  A goblin zombie (D:9)
  2 hobgoblin skeletons (D:9)
  8 hobgoblin zombies
  12 kobolds
  8 kobold zombies (Ossuary)
  An orc skeleton (D:9)
  11 orc zombies
  8 rats
  A plant (Lair:1)
283 creatures vanquished.

Vanquished Creatures (others)
  5 fungi
  22 plants
  4 toadstools (D:1)
31 creatures vanquished.

Grand Total: 314 creatures vanquished

Notes
Turn   | Place    | Note
-------+----------+-------------------------------------------
     0 | D:1      | pkoi the Troll Monk began the quest for the Orb.
     0 | D:1      | Reached XP level 1. HP: 22/22 MP: 0/0
    77 | D:1      | Reached XP level 2. HP: 29/29 MP: 1/1
   203 | D:1      | Reached skill level 4 in Unarmed Combat
   237 | D:1      | Reached XP level 3. HP: 36/36 MP: 2/2
   662 | D:2      | Noticed Natasha
   673 | D:2      | Killed Natasha
   675 | D:2      | Found a faded altar of an unknown god.
   678 | D:2      | Noticed Natasha
   687 | D:2      | Killed Natasha
   688 | D:2      | Reached skill level 5 in Unarmed Combat
   688 | D:2      | Reached XP level 4. HP: 44/44 MP: 3/3
   711 | D:2      | Got Plato's Tome of Envenoming
   712 | D:2      | Became a worshipper of Ashenzari the Shackled
   733 | D:2      | Noticed Sigmund
   777 | D:2      | Killed Sigmund
   778 | D:2      | Reached skill level 6 in Unarmed Combat
   778 | D:2      | Reached XP level 5. HP: 44/50 MP: 4/4
  1019 | D:2      | Reached XP level 6. HP: 57/59 MP: 5/5
  1144 | D:2      | Noticed Natasha
  1149 | D:2      | Killed Natasha
  1150 | D:2      | Reached skill level 7 in Unarmed Combat
  1538 | D:2      | Found a runed translucent door.
  1539 | D:2      | Noticed Crazy Yiuf
  1745 | D:2      | Killed Crazy Yiuf
  1868 | D:3      | Noticed Terence
  1876 | D:3      | Killed Terence
  2098 | D:3      | Found Acsekhlo's Weapon Shoppe.
  2192 | D:3      | Noticed Grinder
  2200 | D:3      | Killed Grinder
  2201 | D:3      | Reached skill level 8 in Unarmed Combat
  2201 | D:3      | Reached XP level 7. HP: 66/66 MP: 6/6
  2754 | D:4      | Reached skill level 9 in Unarmed Combat
  3338 | D:4      | Found a snail-covered altar of Cheibriados.
  3338 | D:4      | Found a white marble altar of Elyvilon.
  3449 | D:5      | Entered Level 5 of the Dungeon
  3479 | D:5      | Found a staircase to the Ecumenical Temple.
  3499 | D:5      | Found a transporter.
  3511 | D:5      | Reached XP level 8. HP: 48/74 MP: 7/7
  3533 | Temple   | Entered the Ecumenical Temple
  3897 | D:5      | Found a transporter.
  4086 | D:5      | Noticed Eustachio
  4101 | D:5      | Killed Eustachio
  4102 | D:5      | Reached skill level 10 in Unarmed Combat
  5002 | D:6      | Found Ryxtausi's Book Shoppe.
  5018 | D:6      | Noticed Maggie
  5034 | D:6      | Killed Maggie
  5035 | D:6      | Reached XP level 9. HP: 70/83 MP: 8/8
  5068 | D:6      | Reached skill level 11 in Unarmed Combat
  5163 | D:6      | Found Puupp's Jewellery Boutique.
  5560 | D:7      | Reached skill level 5 in Dodging
  5597 | D:7      | Found a sand-covered staircase.
  5605 | Ossuary  | Entered an ossuary
  5907 | D:7      | Reached * piety under Ashenzari
  6109 | D:7      | Found a shimmering blue altar of Sif Muna.
  6110 | D:7      | Found a hazy altar of Hepliaklqana.
  6527 | D:8      | Found Wexkyh's Neck Hole.
  6660 | D:8      | Noticed a boulder beetle
  6662 | D:8      | Noticed a four-headed hydra
  6783 | D:8      | Found a staircase to the Lair.
  6938 | D:8      | Reached skill level 12 in Unarmed Combat
  6949 | D:8      | Reached XP level 10. HP: 58/98 MP: 9/9
  7264 | D:8      | Found a runed translucent gate.
  7273 | D:8      | Found a runed translucent gate.
  7274 | D:8      | Found a runed translucent gate.
  7276 | D:8      | Noticed jjjjhere's ghost (novice DEAE)
  7659 | D:9      | Reached skill level 5 in Fighting
  7674 | D:10     | Entered Level 10 of the Dungeon
  7676 | D:10     | HP: 4/98 [poisoned by a killer bee]
  7677 | D:10     | Noticed a two-headed ogre
  7680 | D:10     | Found an ornate altar of the Wu Jian Council.
  8041 | D:10     | Reached skill level 1 in Armour
  8061 | D:10     | Reached skill level 1 in Evocations
  8406 | D:10     | Killed a two-headed ogre
  8616 | D:10     | Noticed a soul eater
  8914 | D:11     | Found a gate leading to a gauntlet.
  8920 | Gauntlet | Entered a Gauntlet
  8920 | Gauntlet | Found a transporter.
  8920 | Gauntlet | Found a transporter.
  8920 | Gauntlet | Found a transporter.
  8923 | Gauntlet | Noticed an eye of devastation
  8975 | Gauntlet | Found a transporter.
  8979 | Gauntlet | Found a transporter.
  8980 | Gauntlet | Noticed a necromancer
  8980 | Gauntlet | Identified the +2 cloak "Puca" {Rampage}
  8980 | Gauntlet | Noticed a sixfirhy
  8987 | Gauntlet | Noticed a sixfirhy
  8988 | Gauntlet | Found a transporter.
  8993 | Gauntlet | Found a transporter.
  9019 | Gauntlet | Noticed a death yak
  9019 | Gauntlet | Noticed a death yak
  9019 | Gauntlet | Noticed a death yak
  9019 | Gauntlet | Noticed a torpor snail
  9020 | Gauntlet | Noticed a death yak
  9020 | Gauntlet | Noticed a death yak
  9026 | Gauntlet | Identified the Handbook of the Frostbite
  9058 | Gauntlet | Found a transporter.
  9059 | Gauntlet | Reached ** piety under Ashenzari
  9072 | Gauntlet | Found a transporter.
  9086 | Gauntlet | Found a transporter.
  9096 | Gauntlet | Found a transporter.
  9102 | Gauntlet | Noticed a moth of wrath
  9111 | Gauntlet | Found a transporter.
  9428 | D:8      | Killed a boulder beetle
  9429 | D:8      | Reached skill level 13 in Unarmed Combat
  9429 | D:8      | Reached XP level 11. HP: 43/109 MP: 10/10
  9669 | D:8      | Found a viscous altar of Jiyva.
  9724 | Lair:1   | Entered Level 1 of the Lair of Beasts
  9724 | Lair:1   | Identified the +5 glaive of Mutilation {drain, rC- Str-2
                  | Int+10}
 10673 | Lair:1   | Reached skill level 1 in Throwing
 11682 | Lair:2   | Reached *** piety under Ashenzari
 11818 | Lair:2   | Found a runed translucent gate.
 11818 | Lair:2   | Found a runed translucent gate.
 11818 | Lair:2   | Found a runed translucent gate.
 11931 | Lair:2   | Noticed a boulder beetle
 11942 | Lair:2   | Killed a boulder beetle
 11986 | Lair:2   | Noticed a bog body
 12034 | Lair:2   | Killed a bog body
 12459 | Lair:2   | Found a hole to the Spider Nest.
 12491 | Lair:2   | HP: 3/113 [poisoned by a redback]
 12492 | Lair:2   | Succumbed to a redback's poison

Illustrated notes

Levels and vault maps discovered:
D:1:      ldierk_water_garden, layout_basic, grunt_decor_junction,
          minmay_misc_feat_roman, minmay_vboxes
D:2:      minmay_inner_zag, layout_loops_corners,
          shapermc_ecumenical_altar_rom_forum, uniq_crazy_yiuf_cottage,
          uniq_natasha, uniq_sigmund
D:3:      layout_loops_corners, serial_shops, nicolae_lakefront_shop,
          chequers_serial_rivers_small_b, uniq_terence, uniq_grinder
D:4:      layout_rooms, amethyst_overflow_temple_binary
D:5:      gammafunk_wand_slinger, layout_basic,
          minmay_temple_entry_gardened_gates, chequers_jeans, uniq_eustachio
D:6:      layout_basic, serial_shops, nicolae_take_the_stairs,
          nicolae_shop_window_shopping, kennysheep_generic_room_10, uniq_maggie
D:7:      layout_cave_pods, gammafunk_temple_overflow_pools,
          chequers_ossuary_entry_cave
D:8:      layout_basic, erik_lair_orcish_takeover, gammafunk_ghost_ooze,
          nicolae_shop_sticking_my_neck_out
D:9:      layout_long_grid, fedhas_altar_4,
          mainiacjoe_overflow_concentric_impassable,
          nicolae_gozag_zags_fifth_avenue, zombieorc2_lemuel
D:10:     layout_irregular_city, amcnicky_altar_gilded, roderic_lattice_a
D:11:     layout_cave_pools, enter_bailey_6, portal_ice_cave_rime,
          gauntlet_entry_generic, nicolae_uskayaw_dance_hall, uniq_maurice
Temple:   eino_narrow_crystal_temple
Lair:1:   wad_woods_structure_01, layout_cave_pods,
          chequers_serial_rivers_micro_e
Lair:2:   layout_regular_city, nicolae_swamp_entry_splash_gauntlet,
          spider_nest_entry_funnel_web, ebering_ghost_rock_garden, st_stairs_8

Skill      XL: |  1  2  3  4  5  6  7  8  9 10 11 |
---------------+----------------------------------+-----
Unarmed Combat | 4 5 6 8 9 10 12 13 | 13.8
Dodging        | 3 4 5 6 7 |  7.4
Fighting       | 3 4 5 6 |  6.5
Armour         | 2 4 |  4.0
Evocations     | 2 3 |  3.7
Throwing       | 2 |  2.7
Stealth        | |  1.5

Action                   |  1- 3 |  4- 6 |  7- 9 | 10-12 || total
-------------------------+-------+-------+-------+-------++-------
Melee: Unarmed           |    78 |    72 |   320 |   464 ||   934
       Punch             |     1 |       |    12 |    48 ||    61
Throw: Dart              |       |       |       |     9 ||     9
Invok: Curse Item        |       |       |     2 |     2 ||     4
  Use: Scroll            |     2 |       |       |     2 ||     4
       Potion            |     1 |       |       |     1 ||     2
 Stab: Sleeping          |     1 |     4 |     8 |     5 ||    18
       Distracted        |       |       |       |     1 ||     1
Armor: Robe              |    25 |    17 |    86 |    98 ||   226
Dodge: Dodged            |    20 |    29 |   132 |   200 ||   381
